 Dungeon Crawl Stone Soup version 0.18-a0-902-g8738618 (webtiles) character file.

135 Jmtri7 the Charlatan (level 5, -14/38 HPs)
             Began as a Formicid Artificer on Dec 25, 2015.
             Demolished by a seven-headed hydra (16 damage)
             ... on level 15 of the Dungeon.
             The game lasted 00:07:58 (1498 turns).

Jmtri7 the Charlatan (Formicid Artificer)           Turns: 1498, Time: 00:07:58

Health: -14/38     AC:  3    Str: 16    XL:     5   Next: 41%
Magic:  9/9        EV: 11    Int: 12    God:
Gold:   85         SH:  3    Dex: 11    Spells: 0 memorised, 4 levels left

rFire  . . .     SeeInvis +     a - +2 dagger (flame)
rCold  . . .     Gourm    .     b - +0 leather armour
rNeg   . . .     Faith    .     g - +0 buckler
rPois  +         Spirit   .     (helmet unavailable)
rElec  .         Dismiss  .     (no cloak)
rCorr  .         Reflect  .     (no gloves)
SustAt .         Harm     .     (no boots)
MR     .....                    (no amulet)
Stlth  +.........               (no ring)
                                p - ring of poison resistance

@: not resistant to hostile enchantments, very unstealthy
A: permanent stasis, dig shafts and tunnels, four strong arms, antennae 3
a: Dig, Shaft Self


You were on level 15 of the Dungeon.
You were hungry.

You visited 1 branch of the dungeon, and saw 7 of its levels.

You collected 85 gold pieces.

Inventory:

Hand Weapons
 a - a +2 dagger of flaming (weapon)
Armour
 b - a +0 leather armour (worn)
 g - a +0 buckler (worn)
Jewellery
 p - a ring of poison resistance (left hand)
Wands
 c - a wand of flame (0/48)
 d - a wand of enslavement (0/24)
 e - a wand of random effects (15/48)
Scrolls
 l - a scroll of identify {unknown}
 o - a scroll of random uselessness {unknown}
 r - a scroll of fear {unknown}
Comestibles
 f - 2 bread rations
 h - a meat ration
 n - 5 fruits
 q - a beef jerky


   Skills:
 + Level 1.8 Fighting
 - Level 1.0 Short Blades
 + Level 1.0 Armour
 - Level 1.7 Dodging
 - Level 1.2 Stealth
 + Level 0.8 Shields
 - Level 5.7 Evocations


You had 4 spell levels left.
You didn't know any spells.

Dungeon Overview and Level Annotations

Branches:
Dungeon (7/15)
 Temple: D:4-7

Altars:
Qazlal


Innate Abilities, Weirdness & Mutations

You are under a permanent stasis effect.
You can dig through walls and to a lower floor.
Your four strong arms can wield two-handed weapons with a shield.
You have a pair of large antennae on your head (SInv).


Message History

Are you sure you want to shaft yourself?
You are feeling hungry.
The centaur skeleton hits you.
* * * LOW HITPOINT WARNING * * *
You begin to dig a shaft.
You continue digging a shaft.
The centaur skeleton closely misses you.
A shaft appears beneath you!
You fall through a shaft for 2 floors!
The shaft crumbles and collapses.
A hydra, a tarantella, a deep elf mage and a shadow come into view.
The seven-headed hydra roars!
The deep elf mage shouts!
You can't shaft yourself on this level.
An ice beast comes into view.
Unknown command.
You can't shaft yourself on this level.
You hit the seven-headed hydra. You burn the seven-headed hydra.
The seven-headed hydra is lightly wounded.
The seven-headed hydra barely misses you.
The seven-headed hydra bites you!
You die...

...... #
..#...#
##.#.#.#
#....#.#
#......##
#.......#
#.D.#..+ #@...+
##...# #{.....#
#.s{{P...#
#..W........
#.......P....
#..P.∩......Y.#
#....≈≈...P.#..
##..∩≈≈∩....##.


You could see a seven-headed hydra and an ice beast.

Vanquished Creatures
  An orc wizard (D:4)
  Jessica (D:2)
  5 adders (D:2)
  2 oozes (D:2)
  A worm (D:2)
  An orc (D:4)
  A ball python (D:2)
  A bat (D:2)
  A giant cockroach (D:2)
  2 goblins (D:2)
  A hobgoblin (D:2)
  2 kobolds (D:2)
  3 giant newts (D:2)
  3 rats (D:2)
25 creatures vanquished.

Vanquished Creatures (collateral kills)
  A hound (D:13)
  4 orcs (D:4)
  A kobold (D:2)
6 creatures vanquished.

Vanquished Creatures (others)
  An orc (D:4)
1 creature vanquished.

Grand Total: 32 creatures vanquished

Notes
Turn   | Place    | Note
--------------------------------------------------------------
     0 | D:1      | Jmtri7 the Formicid Artificer began the quest for the Orb.
     0 | D:1      | Reached XP level 1. HP: 15/15 MP: 3/3
     3 | D:1      | You fall through a shaft!
    36 | D:2      | Noticed Jessica
    68 | D:2      | Killed Jessica
    68 | D:2      | Reached skill level 4 in Evocations
    68 | D:2      | Reached XP level 2. HP: 11/21 MP: 5/5
    68 | D:2      | Reached XP level 3. HP: 13/26 MP: 6/6
   386 | D:2      | Reached skill level 5 in Evocations
   680 | D:2      | Found a stormy altar of Qazlal.
   726 | D:2      | Reached XP level 4. HP: 32/32 MP: 7/7
  1052 | D:2      | You fall through a shaft for 2 floors!
  1065 | D:4      | Reached XP level 5. HP: 18/37 MP: 9/9
  1141 | D:4      | HP: 1/37 [orc wizard/dagger (1)]
  1144 | D:4      | You fall through a shaft for 3 floors!
  1144 | D:7      | Noticed an ice beast
  1144 | D:7      | Noticed an ice beast
  1147 | D:7      | You fall through a shaft for 3 floors!
  1147 | D:10     | Entered Level 10 of the Dungeon
  1155 | D:10     | You fall through a shaft for 3 floors!
  1461 | D:13     | Noticed a centaur skeleton
  1469 | D:13     | Reached skill level 1 in Armour
  1496 | D:13     | You fall through a shaft for 2 floors!
  1496 | D:15     | Entered Level 15 of the Dungeon
  1496 | D:15     | Noticed a seven-headed hydra
  1496 | D:15     | Noticed a tarantella
  1496 | D:15     | Noticed a deep elf mage
  1496 | D:15     | Noticed a shadow
  1498 | D:15     | Noticed an ice beast
  1498 | D:15     | Demolished by a seven-headed hydra

Vault maps used:
D:1:      matt_arrival_spirals, hangedman_decor_clover_reticule
D:2:      nicolae_qazlal_eye_of_the_storm, first_bread, grunt_decor_arrowhead,
          corexii_shack, minmay_tree_intersection, uniq_jessica
D:4:      serial_aquarium, aquarium_bridge_straight,
          aquarium_bridge_island_small, aquarium_window_corridor_2,
          aquarium_window_corner, aquarium_window_1, aquarium_view_2e,
          st_stairs_3, uniq_sigmund
D:7:      serial_shops, shop
D:10:     orc_0_dummy, serial_ice, serial_ice_h, serial_ice_f, serial_ice_d,
          serial_ice_l, enter_bailey_2, dk_noncrumbling_3,
          hangedman_pestilent_swarm, bloody_makhleb, uniq_fannar, uniq_grum,
          uniq_harold, uniq_nergalle
D:13:     david_vaults_3, serial_curves, eino_curves_01, eino_curves_04,
          kennysheep_generic_room_10
D:15:     hangedman_slaughterboxes, serial_shops

Action                   |  1- 3 |  4- 6 || total
-------------------------+-------+-------++-------
Melee: Short sword       |    22 |       ||    22
       Hand axe          |     1 |    54 ||    55
       Dagger            |       |    10 ||    10
 Abil: Shaft Self        |     1 |     5 ||     6
       Dig               |     2 |     3 ||     5
Evoke: Wand              |    10 |    20 ||    30
  Use: Potion            |       |     4 ||     4
 Stab: Sleeping          |       |     1 ||     1
  Eat: Bread ration      |       |     1 ||     1
